 Dungeon Sprint DCSS version 0.28-a0-410-gbef64dd269 (webtiles) character file.

Game seed: 11965647228158786489

182 ugugthedestroyer the Skirmisher (level 5, -1/94 HPs)
             Began as an Ogre Gladiator on Sept 6, 2021.
             Was a Follower of Zin.
             Slain by Edmund (3 damage)
             ... in the Dungeon (Sprint VII: "The Pits").
             The game lasted 00:03:27 (231 turns).

ugugthedestroyer the Skirmisher (Ogre Gladiator)     Turns: 231, Time: 00:03:27

Health: -1/94      AC:  3    Str: 19    XL:     5   Next: 61%
Magic:  5/5        EV: 11    Int:  9    God:    Zin [*.....]
Gold:   0          SH:  0    Dex: 10    Spells: 4/4 levels left

rFire   . . .      SeeInvis .   k - +2 quarterstaff (spect)
rCold   . . .      Faith    .   (shield currently unavailable)
rNeg    . . .      Spirit   .   b - +0 robe
rPois   .          Reflect  .   c - +0 hat
rElec   .          Harm     .   (no cloak)
rCorr   .          Rampage  .   (gloves unavailable)
Will    .....      NoTele   +   (boots unavailable)
Stlth   ..........              (no amulet)
HPRegen 0.25/turn               (no ring)
MPRegen 0.09/turn               (no ring)

@: berserking, hasted, very quick
A: large, unfitting armour, tough skin 1
a: Renounce Religion, Recite, Donate Gold


You were in the Dungeon.
You worshipped Zin.
Zin was aware of your devotion.
You visited 1 branch

Inventory:

Hand Weapons
 a - a +0 quarterstaff
 d - a +2 mace
 k - a +2 spectral quarterstaff (weapon)
Armour
 b - a +0 robe (worn)
 c - a +0 hat (worn)
Scrolls
 j - a scroll of blinking
 m - 5 scrolls of amnesia
 n - a scroll of summoning
Potions
 e - 6 potions of curing
 h - 4 potions of magic
 i - 2 potions of berserk rage
 l - 2 potions of invisibility


   Skills:
 * Level 7.9 Fighting
 + Level 7.5 Staves
 - Level 2.3 Throwing
 + Level 6.3 Dodging
 - Level 0.2 Stealth


You had 4 spell levels left.
You didn't know any spells.
Your spell library was empty.

Dungeon Overview and Level Annotations

Branches:
Dungeon (1/1)

Altars:
Ashenzari
Cheibriados
Dithmenos
Elyvilon
Fedhas
Gozag
Hepliaklqana
Kikubaaqudgha
Makhleb
Nemelex Xobeh
Okawaru
Qazlal
Ru
Sif Muna
Trog
Uskayaw
Vehumet
Wu Jian
Xom
Yredelemnul
Zin
The Shining One
Beogh
Jiyva
Lugonu

Annotations:
D Edmund, Ijyb


Innate Abilities, Weirdness & Mutations

You are too large for most types of armour.
You have tough skin. (AC +1)


Message History

Edmund hits you with a +2 flail of protection.
You feel yourself speed up.
Edmund hits you with a +2 flail of protection.
You hit Edmund but do no damage. You hit Edmund.
Edmund is lightly wounded.
Edmund hits you with a +2 flail of protection.
You hit Edmund.
Edmund is lightly wounded.
Edmund hits you with a +2 flail of protection.
You barely miss Edmund.
Edmund is lightly wounded.
A red film seems to cover your vision as you go berserk!
You feel yourself moving faster!
You feel mighty! Edmund misses you.
You hit Edmund.
Edmund is moderately wounded.
Edmund hits you with a +2 flail of protection!
* * * LOW HITPOINT WARNING * * *
You barely miss Edmund.
Edmund is moderately wounded.
The orc priest looks satisfied for a moment.
You hit Edmund.
Edmund is moderately wounded.
Edmund hits you with a +2 flail of protection.
* * * LOW HITPOINT WARNING * * *
The orc priest calls down the wrath of Beogh upon you.
Beogh smites you!
* * * LOW HITPOINT WARNING * * *
Unknown command.
Unknown command.
Unknown command.
You closely miss Edmund.
Edmund is moderately wounded.
You completely miss Edmund.
Edmund is moderately wounded.
Edmund barely misses you.
You hit Edmund.
Edmund is moderately wounded.
Edmund hits you with a +2 flail of protection.
You die...

#.?(.')))'.##.....
##########.##.....
#...........'.(...
#'#####'#####.....
#.#..#..#[[##.....
#.#..'..#))#####'#
#.#..####))##.....
#.#..#..#))##.....
#@#††#..#..##.....
#@##†#..#'###...<.
#o#..†.....##.....
#g#..†.....##.....
#'###########.....
#.. ###### #...
#...# #.##o


You could see Edmund, Ijyb and an orc priest.

Vanquished Creatures
  Blork the orc (D)
  Crazy Yiuf (D)
  An orc priest (D)
  An orc wizard (D)
  A river rat (D)
  An adder zombie (D)
  2 orcs (D)
  4 jackals (D)
  A quokka (D)
  A ball python (D)
  2 ball python zombies (D)
  A bat (D)
  A frilled lizard (D)
  A jackal zombie (D)
19 creatures vanquished.

Notes
Turn   | Place    | Note
-------+----------+-------------------------------------------
     0 | D        | ugugthedestroyer the Ogre Gladiator began the quest for the
                  | Orb.
     0 | D        | Reached XP level 1. HP: 22/22 MP: 1/1
    44 | D        | Found a bloodstained altar of Trog.
    44 | D        | Found a shimmering blue altar of Sif Muna.
    44 | D        | Found a viscous altar of Jiyva.
    44 | D        | Found a hazy altar of Hepliaklqana.
    44 | D        | Found an opulent altar of Gozag.
    45 | D        | Found a glowing golden altar of the Shining One.
    45 | D        | Found a glowing silver altar of Zin.
    45 | D        | Found a basalt altar of Yredelemnul.
    45 | D        | Found a shimmering altar of Xom.
    45 | D        | Found an ornate altar of the Wu Jian Council.
    45 | D        | Found a sacrificial altar of Ru.
    45 | D        | Found a stormy altar of Qazlal.
    45 | D        | Found an iron altar of Okawaru.
    45 | D        | Found a sparkling altar of Nemelex Xobeh.
    45 | D        | Found a burning altar of Makhleb.
    45 | D        | Found a blossoming altar of Fedhas.
    45 | D        | Found a white marble altar of Elyvilon.
    45 | D        | Found a shadowy altar of Dithmenos.
    45 | D        | Found a snail-covered altar of Cheibriados.
    48 | D        | Found a corrupted altar of Lugonu.
    48 | D        | Found a radiant altar of Vehumet.
    49 | D        | Found an ancient bone altar of Kikubaaqudgha.
    49 | D        | Found a hide-covered altar of Uskayaw.
    49 | D        | Found a broken altar of Ashenzari.
    61 | D        | Became a worshipper of Zin the Law-Giver
    79 | D        | Reached XP level 2. HP: 31/31 MP: 2/2
    98 | D        | Reached * piety under Zin
   103 | D        | Reached XP level 3. HP: 38/39 MP: 3/3
   165 | D        | Noticed Blork the orc
   165 | D        | Noticed Ijyb
   177 | D        | Noticed Crazy Yiuf
   180 | D        | Reached skill level 5 in Fighting
   180 | D        | Reached skill level 5 in Staves
   181 | D        | Noticed Edmund
   187 | D        | Killed Blork the orc
   188 | D        | Reached skill level 5 in Dodging
   188 | D        | Reached XP level 4. HP: 24/53 MP: 4/4
   188 | D        | Reached XP level 5. HP: 28/61 MP: 5/5
   216 | D        | Killed Crazy Yiuf
   228 | D        | HP: 2/94 [orc priest/divine providence (10)]
   231 | D        | Slain by Edmund

Illustrated notes

Levels and vault maps discovered:
D:        pitsprint [storerooms_1, entrance_room_1, metal_vault_4, armoury_2,
          mini_pit_1, grid_room_1, main_hall_1, silver_pit, the_coven_2,
          the_vestibule_1, steel_vault_3, golden_pit, hallway_of_sentries,
          crystal_vault_2, iron_vault_4, final_vault]

Skill      XL: |  1  2  3  4  5 |
---------------+----------------+-----
Fighting       | 3 4 6 7 |  7.9
Staves         | 4 6 7 |  7.5
Dodging        | 3 4 5 6 |  6.3
Throwing       | |  2.3
Stealth        | |  0.2

Action                   |  1- 3 |  4- 6 || total
-------------------------+-------+-------++-------
Melee: Quarterstaff      |    31 |    32 ||    63
  Use: Potion            |     2 |     6 ||     8
Armor: Robe              |     4 |     2 ||     6
Dodge: Dodged            |    16 |    12 ||    28

Table legend: (Time is in decaauts)
 A = Elapsed time spent in this place.
 B = Non-inter-level travel time spent in this place.
 C = Inter-level travel time spent in this place.
 D = Time resting spent in this place.
 E = Time spent auto-exploring this place.
 F = Levels seen in this place.
 G = Mean time per level.
                   A        B        C        D        E       F      G
               +--------+--------+--------+--------+--------+-----+--------+
         Total |    228 |    228 |      0 |      0 |      0 |   1 |  228.0 |
       Dungeon |    228 |    228 |      0 |      0 |      0 |   1 |  228.0 |
               +--------+--------+--------+--------+--------+-----+--------+

Top non-repeatable levels by time:
       D: 228 daAuts
